AoeStats
← az89

Black Forest

510283890Analyzed
4v4 RM · 16h ago on Sep 30, 2026· 43m 20s· 8 players
Game mode
Random Map
Map size
Large (8 player)
Population
200
Speed
Normal
Resources
Standard
Victory
Conquest
Starting age
Dark Age
Ending age
Imperial Age
RankedLock teamsTeams togetherTeam positionsShared explorationLock speedFull tech treeHidden civsTurbo modeCheats
Victory
Defeat
🇬🇧 Bohemians · United Kingdom
903
+16
🇨🇿 Sicilians · Czechia
895
+16
🇮🇩 Britons · Indonesia
894
+16
🇮🇩 Celts · Indonesia
751
+23
🇦🇺 Malay · Australia
942
-20
🇦🇺 Mongols · Australia
892
-17
🇦🇺 Franks · Australia
882
-17
🇦🇺 Romans · Australia
872
-17
az89
1:38 Loom
13:30 Feudal Age
13:57 Double-Bit Axe
14:30 Fishing Lines
15:01 Gold Mining
16:34 Wheelbarrow
16:23 Stone Mining
17:43 Horse Collar
19:31 Town Watch
22:02 Castle Age
23:38 Hand Cart
25:41 Scale Mail Armor
27:31 Caravan
29:20 Gillnets
29:35 Heavy Plow
29:19 Man-at-Arms
30:00 Squires
32:55 Bow Saw
32:17 Long Swordsman
32:19 Pikeman
36:06 Imperial Age
33:39 Town Patrol
34:18 Gold Shaft Mining
33:39 Fletching
34:48 Scale Barding Armor
34:56 Forging
35:47 Ballistas
36:11 Capped Ram
36:13 Legionary
37:54 Chain Barding Armor
38:10 Iron Casting
37:50 Siege Ram
39:26 Conscription
39:48 Crop Rotation
39:55 Plate Barding Armor
39:50 Chain Mail Armor
40:17 Ballistics
39:55 Murder Holes
40:25 Heavy Scorpion
42:36 Blast Furnace
41:32 Bodkin Arrow
TheHam
1:31 Loom
13:36 Feudal Age
15:07 Double-Bit Axe
21:07 Castle Age
19:08 Fishing Lines
23:40 Stone Mining
24:46 Bow Saw
27:30 Fortified Wall
29:01 Fletching
29:13 Gillnets
30:47 Wheelbarrow
29:59 Town Watch
31:13 Gold Mining
32:06 Hand Cart
32:51 Masonry
33:10 Bodkin Arrow
37:27 Imperial Age
36:04 Ballistics
37:02 Gold Shaft Mining
36:48 Forging
36:44 Scale Barding Armor
37:09 Gillnets
38:15 Town Patrol
38:19 Husbandry
39:00 Iron Casting
38:46 Chain Barding Armor
40:08 Chemistry
38:58 Cavalier
42:40 Architecture
42:06 Murder Holes
43:04 Siege Engineers
BOLLOTHAMUS
2:10 Loom
13:34 Feudal Age
14:13 Double-Bit Axe
14:20 Horse Collar
17:39 Stone Mining
29:53 Castle Age
28:26 Stone Mining
31:22 Thumb Ring
34:18 Fletching
34:30 Padded Archer Armor
35:09 Elite Skirmisher
37:18 Bodkin Arrow
37:29 Scale Barding Armor
Sheep
11:43 Feudal Age
13:44 Double-Bit Axe
16:24 Castle Age
15:40 Double-Bit Axe
18:35 Wheelbarrow
18:27 Loom
26:38 Forging
26:46 Fishing Lines
28:31 Hand Cart
29:13 Horse Collar
30:05 Scale Barding Armor
30:37 Iron Casting
33:44 Gillnets
36:03 Fletching
36:13 Padded Archer Armor
38:57 Imperial Age
36:37 Husbandry
37:04 Elite Skirmisher
37:52 Thumb Ring
38:23 Bodkin Arrow
38:43 Leather Archer Armor
39:13 Conscription
39:38 Gold Mining
41:31 Elite Karambit Warrior
Bc. .
0:27 Loom
16:10 Feudal Age
18:44 Forging
27:37 Scale Mail Armor
38:50 Castle Age
36:42 Double-Bit Axe
36:40 Horse Collar
37:18 Fletching
41:55 Bodkin Arrow
42:17 Chain Mail Armor
gazza17
10:51 Feudal Age
11:11 Loom
17:45 Castle Age
16:50 Double-Bit Axe
17:31 Horse Collar
19:10 Bow Saw
19:03 Heavy Plow
28:41 Chemistry
29:31 Wheelbarrow
30:22 Fletching
36:18 Imperial Age
35:21 Hand Cart
35:18 Caravan
35:25 Padded Archer Armor
35:21 Bodkin Arrow
35:55 Ballistics
39:35 Two-Man Saw
41:13 Murder Holes
42:04 Conscription
41:50 Wagenburg Tactics
Hemikoo
0:58 Loom
12:13 Feudal Age
16:27 Double-Bit Axe
16:56 Horse Collar
19:40 Castle Age
17:43 Stone Mining
20:35 Gold Mining
20:43 Fishing Lines
25:18 Fletching
25:28 Padded Archer Armor
28:05 Man-at-Arms
28:31 Gambesons
35:21 Imperial Age
33:14 Ballistics
33:25 Murder Holes
33:31 Long Swordsman
34:47 Masonry
35:27 Leather Archer Armor
35:34 Two-Handed Swordsman
38:19 Chemistry
37:17 Bodkin Arrow
39:00 Bracer
39:30 Ring Archer Armor
40:56 Wheelbarrow
43:16 Champion
43:57 Squires
Ermour
5:10 Loom
11:06 Feudal Age
16:37 Castle Age
14:39 Double-Bit Axe
15:39 Fishing Lines
18:35 Stone Mining
24:29 Horse Collar
25:04 Bow Saw
25:00 Gillnets
30:34 Imperial Age
28:44 Wheelbarrow
27:55 Town Watch
32:34 Caravan
33:38 Furor Celtica
33:18 Stronghold
33:49 Conscription
32:55 Heavy Scorpion
34:25 Gold Mining
35:11 Stone Shaft Mining
34:03 Onager
37:13 Chemistry
37:33 Ballistics
37:00 Arrowslits
37:27 Masonry
37:23 Siege Engineers
37:09 Heated Shot
39:12 Stronghold
39:24 Siege Onager
Connection lost

Rejoining the realm…

Still unreachable

The connection could not be restored.

Session expired

The server has moved on; the page needs a fresh start.